 Dungeon Crawl Stone Soup version 0.30-a0-371-gad7725a93e (webtiles) character file.

Game seed: 2349221938657667863

129 garrulousMonolith the Magician (level 5, 0/32 (37) HPs)
             Began as a Gnoll Hedge Wizard on Nov 22, 2022.
             Was an Initiate of Ashenzari.
             Frozen to death by an endoplasm (5 damage)
             ... on level 4 of the Dungeon.
             The game lasted 00:04:34 (4136 turns).

garrulousMonolith the Magician (Gnoll Hedge Wizard) Turns: 4136, Time: 00:04:34

HP:   0/32 (37)     AC:  2    Str:  9    XL:     5   Next: 12%
MP:   12/14         EV: 13    Int: 16    God:    Ashenzari [......]
Gold: 90            SH:  0    Dex: 11    Spells: 11/18 levels left

rFire   . . .      SeeInvis .    r - +1 dagger (venom)
rCold   . . .      Faith    .    (no shield)
rNeg    . . .      Spirit   .    b - +0 robe
rPois   .          Reflect  .    c - +0 hat
rElec   .          Harm     .    (no cloak)
rCorr   .          Rampage  .    (no gloves)
Will    .....                    (no boots)
Stlth   ++........               (no amulet)
HPRegen 0.25/turn                (no ring)
MPRegen 0.14/turn                (no ring)

@: very slightly contaminated, heavily drained
A: fangs 1, strong nose, distributed training
a: Renounce Religion, Curse Item


You were on level 4 of the Dungeon.
You worshipped Ashenzari.
Ashenzari was noncommittal.
You visited 1 branch of the dungeon, and saw 4 of its levels.

You collected 90 gold pieces.

Inventory:

Hand Weapons
 a - a +0 dagger
 q - the +7 dagger of Mana {vamp, rElec rC++ Int+2 Dex-4}
   (You found it on level 2 of the Dungeon)

   It occasionally heals its wielder for a portion of the damage dealt when it
   wounds a living foe.
   Int:       It affects your intelligence (+2).
   Dex:       It affects your dexterity (-4).
   rC:        It greatly protects you from cold.
   rElec:     It insulates you from electricity.
 r - a +1 dagger of venom (weapon)
Armour
 b - a +0 robe (worn)
 c - a +0 hat (worn)
Wands
 t - a wand of charming (18)
 x - a wand of iceblast (10)
Scrolls
 e - a scroll of vulnerability {unknown}
 g - 2 scrolls of enchant armour {unknown}
 h - 2 scrolls of identify {unknown}
 i - 2 scrolls of teleportation {unknown}
 k - 2 scrolls of noise {unknown}
 l - a scroll of acquirement {unknown}
 n - a scroll of fear {unknown}
 p - 2 scrolls of amnesia {unknown}
 s - a scroll of magic mapping {unknown}
 v - a scroll of poison {unknown}
 w - a scroll of enchant weapon {unknown}
Potions
 f - 3 potions of haste {unknown}
 j - 4 potions of mutation {unknown}
 m - 2 potions of curing {unknown}
 o - 2 potions of degeneration {unknown}
 u - a potion of might {unknown}


   Skills:
 + Level 1.4 Fighting
 + Level 1.4 Short Blades
 + Level 1.4 Long Blades
 + Level 1.4 Axes
 + Level 1.4 Maces & Flails
 + Level 1.4 Polearms
 + Level 1.4 Staves
 + Level 1.4 Ranged Weapons
 + Level 1.4 Throwing
 + Level 1.4 Armour
 + Level 4.7 Dodging
 + Level 4.4 Stealth
 + Level 1.4 Shields
 + Level 1.4 Unarmed Combat
 + Level 7.3 Spellcasting
 + Level 2.3 Conjurations
 + Level 1.1 Hexes
 + Level 2.3 Summonings
 + Level 1.1 Necromancy
 + Level 2.3 Translocations
 + Level 1.1 Transmutations
 + Level 1.1 Fire Magic
 + Level 1.1 Ice Magic
 + Level 1.1 Air Magic
 + Level 1.1 Earth Magic
 + Level 1.1 Poison Magic
 + Level 1.6 Invocations
 + Level 1.4 Evocations


You had 11 spell levels left.
You knew the following spells:

 Your Spells              Type           Power      Damage    Failure   Level
a - Magic Dart            Conj           52%        1d5       4%          1
b - Blink                 Tloc           26%        N/A       7%          2
c - Call Imp              Summ           13%        N/A       7%          2
d - Cigotuvi's Dreadful   Necr/Pois/Air  18%        N/A       12%         2

Your spell library contained the following spells:

 Spells                   Type           Power      Damage    Failure   Level
 Slow                     Hex            36%        N/A       8%          1
 Scorch                   Fire           18%        2d5       12%         2
 Mephitic Cloud           Conj/Pois/Air  10%        N/A       19%         3
 Flame Wave               Conj/Fire      11%        2d6       50%         4
 Summon Lightning Spire   Summ/Air       11%        N/A       50%         4
 Airstrike                Air            4%         2d(1-17)  58%         4
 Lightning Bolt           Conj/Air       5%         1d17      85%         5
 Summon Cactus Giant      Summ           6%         N/A       100%        6


Dungeon Overview and Level Annotations

Branches:
Dungeon (4/15)
 Temple: D:4-7

Altars:
Ashenzari

Shops:
D:4 [


Innate Abilities, Weirdness & Mutations

You have very sharp teeth.
Your uncanny sense of smell can sniff out nearby items.
Your experience applies equally to all skills.


Message History

Casting: Magic Dart (safe; 4% risk of failure)
Confirm with . or Enter, or press ? or * to list all spells.
Okay, then.
Casting: Magic Dart (safe; 4% risk of failure)
Confirm with . or Enter, or press ? or * to list all spells.
A beastly little devil appears in a puff of flame.
Your crimson imp says, "You called?"
The necrophage hits you.
You feel drained.
Casting: Call Imp (safe; 7% risk of failure)
Confirm with . or Enter, or press ? or * to list all spells.
You miscast Call Imp.
You are very lightly contaminated with residual magic.
Nothing appears to happen.
The necrophage hits you.
You feel drained.
Your crimson imp blinks!
Casting: Call Imp (safe; 7% risk of failure)
Confirm with . or Enter, or press ? or * to list all spells.
Aiming: Magic Dart (safe; 4% risk of failure)
Press: ? - help, Shift-Dir - straight line, f/p - necrophage
Aim: a necrophage (moderately damaged, ally target, 100% to hit)
The magic dart hits the necrophage.
The necrophage is moderately damaged.
The necrophage barely misses you.
You barely miss the necrophage.
The necrophage is moderately damaged.
The necrophage barely misses you.
Okay, then.
Magic courses through your body. The endoplasm misses you.
The necrophage barely misses you.
Casting: Magic Dart (safe; 4% risk of failure)
Confirm with . or Enter, or press ? or * to list all spells.
Okay, then.
Casting: Magic Dart (safe; 4% risk of failure)
Confirm with . or Enter, or press ? or * to list all spells.
A beastly little devil appears in a puff of flame.
Your crimson imp disappears in a puff of smoke!
The necrophage hits you!
* * * LOW HITPOINT WARNING * * *
The endoplasm freezes you.
You are frozen.
You die...

#...... .# #.####. .# #.# ##
#+ ### ##.#### #.### # ...
#.. ......# #...# # .... #.#
#..##.# #.#.### .....
#.###.###.# #.#..##
......#.##J..##.######.#...#
......'...n@................
......#.##5..##.########...#
..... #.##ยง.###.# #..##
.... #.##.####.# #.## ...
#.........# ##.## #+
####.###### #...# #.# #...#
#.# #...# #.# ###.#


You could see a necrophage (ally target), an endoplasm and a friendly crimson
imp (summoned).

Vanquished Creatures
  A gnoll (D:1)
  5 adders
  3 dart slugs
  2 worms (D:2)
  A bat (D:1)
  4 endoplasms
  3 giant cockroaches
  5 goblins
  3 hobgoblins
  5 jackals
  5 kobolds
  6 quokkas
  9 ball pythons
  A frilled lizard (D:3)
  A rat (D:3)
54 creatures vanquished.

Vanquished Creatures (collateral kills)
  A bat (D:1)
  An endoplasm (D:1)
  A hobgoblin (D:1)
  A kobold (D:1)
4 creatures vanquished.

Grand Total: 58 creatures vanquished

Notes
Turn   | Place    | Note
-------+----------+-------------------------------------------
     0 | D:1      | garrulousMonolith the Gnoll Hedge Wizard began the quest
                  | for the Orb.
     0 | D:1      | Reached XP level 1. HP: 13/13 MP: 8/8
   425 | D:1      | Reached XP level 2. HP: 19/19 MP: 5/10
   516 | D:1      | Learned a level 2 spell: Blink
   519 | D:1      | Learned a level 2 spell: Call Imp
   841 | D:1      | Reached XP level 3. HP: 25/25 MP: 5/11
   844 | D:1      | Learned a level 2 spell: Cigotuvi's Dreadful Rot
  1161 | D:1      | Reached skill level 1 in Invocations
  1488 | D:2      | Identified the +7 dagger of Mana {vamp, rElec rC++ Int+2
                  | Dex-4}
  1877 | D:2      | Reached skill level 1 in Fighting
  1877 | D:2      | Reached skill level 1 in Short Blades
  1877 | D:2      | Reached skill level 1 in Long Blades
  1877 | D:2      | Reached skill level 1 in Axes
  1877 | D:2      | Reached skill level 1 in Maces & Flails
  1877 | D:2      | Reached skill level 1 in Polearms
  1877 | D:2      | Reached skill level 1 in Staves
  1877 | D:2      | Reached skill level 1 in Ranged Weapons
  1877 | D:2      | Reached skill level 1 in Throwing
  1877 | D:2      | Reached skill level 1 in Armour
  1877 | D:2      | Reached skill level 1 in Shields
  1877 | D:2      | Reached skill level 1 in Unarmed Combat
  1877 | D:2      | Reached skill level 1 in Evocations
  1922 | D:2      | Reached XP level 4. HP: 32/32 MP: 9/13
  2433 | D:2      | Reached skill level 1 in Hexes
  2433 | D:2      | Reached skill level 1 in Necromancy
  2433 | D:2      | Reached skill level 1 in Transmutations
  2433 | D:2      | Reached skill level 1 in Fire Magic
  2433 | D:2      | Reached skill level 1 in Ice Magic
  2433 | D:2      | Reached skill level 1 in Air Magic
  2433 | D:2      | Reached skill level 1 in Earth Magic
  2433 | D:2      | Reached skill level 1 in Poison Magic
  2788 | D:3      | Found a broken altar of Ashenzari.
  2818 | D:3      | Became a worshipper of Ashenzari the Shackled
  3234 | D:3      | Reached XP level 5. HP: 33/37 MP: 6/14
  3803 | D:4      | Found Moara's Antique Armour Shoppe.
  4136 | D:4      | Frozen to death by an endoplasm

Illustrated notes

Levels and vault maps discovered:
D:1:      minmay_arrival_shoal_huts, layout_loops_ring
D:2:      layout_loops_corners
D:3:      layout_loops_corners, nicolae_ashenzari_skybound, glass_columns_a,
          hex_large
D:4:      layout_loops_corners, gammafunk_temple_overflow_wave, serial_shops,
          nicolae_shop_hallway_plus

Skill      XL: |  1  2  3  4 |
---------------+-------------+-----
Conjurations   | 2 |  2.3
Summonings     | 2 |  2.3
Translocations | 2 |  2.3
Invocations    | 1 |  1.6
Fighting       | 1 |  1.4
Short Blades   | 1 |  1.4
Long Blades    | 1 |  1.4
Axes           | 1 |  1.4
Maces & Flails | 1 |  1.4
Polearms       | 1 |  1.4
Staves         | 1 |  1.4
Ranged Weapons | 1 |  1.4
Throwing       | 1 |  1.4
Armour         | 1 |  1.4
Shields        | 1 |  1.4
Unarmed Combat | 1 |  1.4
Evocations     | 1 |  1.4
Hexes          | 1 |  1.1
Necromancy     | 1 |  1.1
Transmutations | 1 |  1.1
Fire Magic     | 1 |  1.1
Ice Magic      | 1 |  1.1
Air Magic      | 1 |  1.1
Earth Magic    | 1 |  1.1
Poison Magic   | 1 |  1.1
Dodging        | |  4.7
Stealth        | |  4.4
Spellcasting   | |  7.3

Action                   |  1- 3 |  4- 6 || total
-------------------------+-------+-------++-------
Melee: Dagger            |     8 |     7 ||    15
 Cast: Magic Dart        |    67 |   101 ||   168
       Call Imp          |     1 |     2 ||     3
  Use: Potion            |       |     1 ||     1
Armor: Robe              |     6 |     3 ||     9
Dodge: Dodged            |    23 |    20 ||    43

Table legend: (Time is in decaauts)
 A = Elapsed time spent in this place.
 B = Non-inter-level travel time spent in this place.
 C = Inter-level travel time spent in this place.
 D = Time resting spent in this place.
 E = Time spent auto-exploring this place.
 F = Levels seen in this place.
 G = Mean time per level.
                   A        B        C        D        E       F      G
               +--------+--------+--------+--------+--------+-----+--------+
         Total |   4134 |   4056 |     78 |    454 |   3208 |   4 | 1033.5 |
       Dungeon |   4134 |   4056 |     78 |    454 |   3208 |   4 | 1033.5 |
               +--------+--------+--------+--------+--------+-----+--------+

Top non-repeatable levels by time:
     D:1: 1478 daAuts
     D:2: 1211 daAuts
     D:3: 1032 daAuts
     D:4: 412 daAuts
